 Dungeon Crawl Stone Soup version 0.21-a0-210-gbfa5647 (webtiles) character file.

105 tehllama the Insei (level 4, 0/29 HPs)
             Began as an Octopode Transmuter on Aug 21, 2017.
             Slain by strifetoe's ghost (3 damage)
             ... on level 4 of the Dungeon.
             The game lasted 00:02:42 (2768 turns).

tehllama the Insei (Octopode Transmuter)            Turns: 2768, Time: 00:02:42

Health: 0/29       AC:  2    Str: 10    XL:     4   Next: 83%
Magic:  5/7        EV: 19    Int: 15    God:
Gold:   122        SH:  0    Dex: 17    Spells: 1/7 levels left

rFire    . . .     SeeInvis .     - Unarmed
rCold    . . .     Gourm    .   (shield currently unavailable)
rNeg     . . .     Faith    .   (helmet currently unavailable)
rPois    x         Spirit   .   (no amulet)
rElec    .         Reflect  .   (no ring)
rCorr    .         Harm     .   (no ring)
MR       .....                  (no ring)
Stlth    ++........             (no ring)
HPRegen  0.09/turn              (no ring)
MPRegen  0.10/turn              (no ring)
                                (no ring)
                                (no ring)

@: spider-form (expiring)
A: almost no armour, stealthy swim, (amphibious), 8 rings, (constrict 8)
a: End Transformation


You were on level 4 of the Dungeon.
You were not hungry.
You were a venomous arachnid creature.
You visited 1 branch of the dungeon, and saw 4 of its levels.

You collected 122 gold pieces.

Inventory:

Missiles
 a - 61 arrows
Jewellery
 f - an uncursed ring of fire {unknown}
Scrolls
 e - 2 scrolls of magic mapping {unknown}
 g - 4 scrolls of identify {unknown}
 k - a scroll of blinking {unknown}
Potions
 d - 2 potions of degeneration {unknown}
 h - a potion of flight {unknown}
 i - a potion of cancellation {unknown}
 l - a potion of might {unknown}
Books
 b - a book of Changes

   Spells                             Type                      Level
   a - Beastly Appendage              Transmutation                1
   b - Sticks to Snakes               Transmutation                2
   c - Spider Form                    Transmutation/Poison         3
   d - Ice Form                       Ice/Transmutation            4
   e - Blade Hands                    Transmutation                5
Comestibles
 c - 2 bread rations


   Skills:
 + Level 2.1 Fighting
 - Level 2.0 Dodging
 + Level 2.0 Stealth
 * Level 4.6 Unarmed Combat
 - Level 2.0 Spellcasting
 - Level 2.0 Transmutations


You had one spell level left.
You knew the following spells:

 Your Spells              Type           Power        Failure   Level  Hunger
a - Beastly Appendage     Tmut           #.....       24%         1    #......
b - Sticks to Snakes      Tmut           #.......     32%         2    ###....
c - Spider Form           Tmut/Pois      #.........   63%         3    ###....


Dungeon Overview and Level Annotations

Branches:
Dungeon (4/15)
 Temple: D:4-7

Altars:
Nemelex Xobeh

Annotations:
D:4 strifetoe's ghost, amateur HOMo


Innate Abilities, Weirdness & Mutations

You cannot wear most types of armour.
You are very stealthy in the water. (Stealth+)
((You are amphibious.))
You can wear up to eight rings at the same time.
((You can use your tentacles to constrict eight enemies at once.))
((Your skin changes colour to match your surroundings (Stealth+).))
((Your rubbery body absorbs attacks. (AC +1, EV +1)))


Message History

Strifetoe's ghost barely misses you.
You hit strifetoe's ghost but do no damage.
Strifetoe's ghost is moderately damaged.
Strifetoe's ghost hits you.
Okay, then.
You hit strifetoe's ghost.
Strifetoe's ghost is moderately damaged.
Strifetoe's ghost hits you.
You hit strifetoe's ghost but do no damage.
Strifetoe's ghost is moderately damaged.
Strifetoe's ghost barely misses you.
You hit strifetoe's ghost but do no damage.
Strifetoe's ghost is moderately damaged.
Strifetoe's ghost completely misses you.
You hit strifetoe's ghost but do no damage.
Strifetoe's ghost is moderately damaged.
Strifetoe's ghost hits you!
* * * LOW HITPOINT WARNING * * *
Strifetoe's ghost hits you.
You die...

#########
#.......#
#.#####.# .
#.#####.####...#
#s##.........#
#W##.##.####....
#.#...#.# .
#.......#
###....## ####.#
#.# #.# #W#


You could see strifetoe's ghost.

Vanquished Creatures
  An orc wizard (D:3)
  An ooze (D:1)
  A worm (D:2)
  2 dart slugs (D:1)
  3 orcs (D:3)
  A giant cockroach (D:2)
  12 goblins
  7 hobgoblins
  4 jackals (D:1)
  9 kobolds
  3 quokkas
  4 bats
  4 frilled lizards
  9 rats
61 creatures vanquished.

Notes
Turn   | Place    | Note
-------+----------+-------------------------------------------
     0 | D:1      | tehllama the Octopode Transmuter began the quest for the Orb.
     0 | D:1      | Reached XP level 1. HP: 13/13 MP: 3/3
   343 | D:1      | Reached XP level 2. HP: 18/18 MP: 5/5
   672 | D:1      | Reached skill level 4 in Unarmed Combat
   838 | D:1      | Reached XP level 3. HP: 16/23 MP: 4/6
  1051 | D:2      | Found a sparkling altar of Nemelex Xobeh.
  1536 | D:2      | Reached skill level 1 in Stealth
  2007 | D:3      | Learned a level 2 spell: Sticks to Snakes
  2011 | D:3      | Learned a level 3 spell: Spider Form
  2025 | D:3      | Reached XP level 4. HP: 20/28 MP: 5/7
  2724 | D:4      | Noticed strifetoe's ghost (amateur HOMo)
  2768 | D:4      | Slain by strifetoe's ghost

Vault maps used:
D:1:      dpeg_arrival_ratfight
D:2:      nemelex_spade_bored_becter
D:3:      minmay_goblin_kobold_castle
D:4:      lemuel_crystal_altar, uniq_eustachio

Skill      XL: |  1  2  3  4 |
---------------+-------------+-----
Unarmed Combat | 4 |  4.6
Stealth        | 1 2 |  2.0
Fighting       | 2 |  2.1
Dodging        | |  2.0
Spellcasting   | |  2.0
Transmutations | |  2.0

Action                   |  1- 3 |  4- 6 || total
-------------------------+-------+-------++-------
Melee: Unarmed           |    94 |    46 ||   140
       Constrict         |    23 |     3 ||    26
       Tentacles         |    12 |     5 ||    17
       Kick              |     4 |     1 ||     5
 Cast: Beastly Appendage |     8 |     2 ||    10
       Spider Form       |       |     2 ||     2
 Stab: Sleeping          |     9 |     1 ||    10
  Eat: Chunk             |     3 |     3 ||     6
Armor: Skin              |     6 |     1 ||     7
Dodge: Dodged            |    59 |    25 ||    84

Table legend:
 A = Spawn XP
 B = Non-spawn XP
 C = Spawn XP percentage of total XP
 D = Spawn monster count
 E = Non-spawn monster count
 F = Spawn count percentage of total count
 G = Total turns spent on level
                    A         B        C        D         E        F      G
               +---------+---------+-------+---------+---------+-------+---------
         Total |       8 |     143 |   5.3 |       3 |      58 |   4.9 |  2768
               +---------+---------+-------+---------+---------+-------+---------
           D:1 |       4 |      37 |   9.8 |       1 |      18 |   5.3 |   996
           D:2 |       4 |      33 |  10.8 |       2 |      21 |   8.7 |   930
           D:3 |       0 |      73 |   0.0 |       0 |      19 |   0.0 |   765
               +---------+---------+-------+---------+---------+-------+---------
